 Dungeon Crawl Stone Soup version 0.20-a0-999-gb5f2a4e (webtiles) character file.

109 JeffiDaFish the Shield-Bearer (level 4, 0/28 HPs)
             Began as a Gargoyle Fighter on Apr 12, 2017.
             Was an Initiate of Okawaru.
             Killed by nerve-wracking pain
             ... invoked by an orc priest
              (3 damage)
             ... on level 3 of the Dungeon.
             The game lasted 00:04:01 (1388 turns).

JeffiDaFish the Shield-Bearer (Gargoyle Fighter)    Turns: 1388, Time: 00:04:02

Health: 0/28       AC: 11    Str: 24    XL:     4   Next: 89%
Magic:  4/4        EV:  8    Int:  9    God:    Okawaru [......]
Gold:   86         SH: 11    Dex: 10    Spells: 3/3 levels left

rFire    . . .     SeeInvis .   a - +1 flail
rCold    + . .     Gourm    .   c - +1 shield
rNeg     + . .     Faith    .   b - +0 scale mail
rPois    ∞         Spirit   .   (no helmet)
rElec    +         Reflect  .   (no cloak)
rCorr    .         Harm     .   (no gloves)
MR       .....                  p - +0 pair of boots
Stlth    ..........             (no amulet)
Regen    0.1/turn               k - ring of protection from cold
MPRegen  0.1/turn               (no ring)

@: mighty
A: negative energy resistance 1, electricity resistance, unbreathing,
petrification resistance, rot immunity, AC +3
a: Renounce Religion


You were on level 3 of the Dungeon.
You worshipped Okawaru.
Okawaru was noncommittal.
You were not hungry.

You visited 1 branch of the dungeon, and saw 3 of its levels.

You collected 86 gold pieces.

Inventory:

Hand Weapons
 a - a +1 flail (weapon)
Armour
 b - a +0 scale mail (worn)
 c - a +1 shield (worn)
 p - a +0 pair of boots (worn)
Jewellery
 k - a ring of protection from cold (left hand)
Scrolls
 i - a scroll of recharging
 l - 2 scrolls of teleportation
 m - 4 scrolls of identify
 o - 4 scrolls of remove curse
Potions
 j - a potion of cancellation
Comestibles
 f - 3 bread rations
 g - a chunk of flesh
 h - a meat ration
 n - a royal jelly


   Skills:
 + Level 3.6 Fighting
 + Level 3.4 Maces & Flails
 + Level 3.5 Armour
 + Level 0.5 Dodging
 + Level 4.3 Shields


You had 3 spell levels left.
You didn't know any spells.

Dungeon Overview and Level Annotations

Branches:
Dungeon (3/15)

Altars:
Makhleb
Okawaru
Qazlal


Innate Abilities, Weirdness & Mutations

You are resistant to torment.
Your stone body is resilient. (AC +3)
You are immune to poison.
You resist negative energy. (rN+)
You are resistant to electric shocks. (rElec)
You can survive without breathing.
You are immune to petrification.
You are immune to rotting.


Message History

The magic dart hits you!
You closely miss the orc wizard. The orc wizard casts a spell at you.
The magic dart hits you!
You completely miss the orc wizard.
The orc wizard hits you but does no damage.
You hit the orc wizard.
The orc wizard is moderately wounded.
You block the orc wizard's attack.
You bludgeon the orc wizard!!
You kill the orc wizard!
Okawaru accepts your kill.
You sock the orc priest!
The orc priest is severely wounded.
The orc priest hits you but does no damage.
You closely miss the orc priest.
The orc priest is severely wounded.
The orc priest mumbles some strange prayers to Beogh against you.
Pain shoots through your body!
You die...

,* *,,,,,* #.#.# ,**
*,,,,,* #.#.# ,,* *,,,,,*
#.#.# *,* *,*+#####.#.#
*,***,*,#.......#
*,,**,#.#.###.########
**,**,#..).o)........#
**,**,###.###.######.###**
,,,,,,,...,*#.oo@......$,*
**,*,.......)#######.###,*
*,..........+,,,,,,,,,*,*
**..........*******,*,*,*
###..........*,,,,,,,,,,,*
..,..........*,*****,*,***
####.........*,* *,*,*
(...%!.......*,* *,*,*
#.#.#.,,,,,,,*,* *,*,*


You could see an orc priest and an orc.

Vanquished Creatures
  An orc priest (D:3)
  An orc wizard (D:3)
  A dart slug (D:1)
  A leopard gecko (D:1)
  4 orcs (D:3)
  2 ball pythons
  2 giant cockroaches
  3 goblins
  8 hobgoblins
  3 jackals (D:3)
  A quokka (D:2)
  7 bats
  5 frilled lizards
  3 kobolds (D:2)
  4 rats
46 creatures vanquished.

Notes
Turn   | Place    | Note
-------+----------+-------------------------------------------
     0 | D:1      | JeffiDaFish the Gargoyle Fighter began the quest for the Orb.
     0 | D:1      | Reached XP level 1. HP: 14/14 MP: 1/1
    92 | D:1      | Reached XP level 2. HP: 19/19 MP: 2/2
   623 | D:2      | Reached XP level 3. HP: 23/23 MP: 3/3
   749 | D:2      | Reached skill level 4 in Shields
   870 | D:2      | Found a stormy altar of Qazlal.
  1007 | D:2      | Found a burning altar of Makhleb.
  1132 | D:2      | Found an iron altar of Okawaru.
  1151 | D:2      | Became a worshipper of Warmaster Okawaru
  1299 | D:3      | Reached XP level 4. HP: 10/28 MP: 4/4
  1388 | D:3      | Killed from afar by an orc priest

Vault maps used:
D:1:      scummos_arrival_forest
D:2:      nicolae_overflow_hidden_temple,
          chequers_temple_overflow_statue_of_worship

Skill      XL: |  1  2  3 |
---------------+----------+-----
Shields        | 4 |  4.3
Maces & Flails | 3 |  3.4
Fighting       | |  3.6
Armour         | |  3.5
Dodging        | |  0.5

Action                   |  1- 3 |  4- 6 || total
-------------------------+-------+-------++-------
Melee: Flail             |   136 |    10 ||   146
  Use: Scroll            |     8 |       ||     8
       Potion            |     5 |     2 ||     7
  Eat: Chunk             |     1 |     1 ||     2
Armor: Scale mail        |    70 |     6 ||    76
Dodge: Dodged            |    42 |     1 ||    43
Block: Shield            |    68 |     4 ||    72
